Map: [ESL] Hardwire

Players

ByuN - Winner!

  • Race: Terran Terran

uThermal

  • Race: Terran Terran

Event: IEM Katowice 2022

VOD

Have the link to the VOD?

Description

Time

  • Played on: Feb. 23, 2022, 11 a.m.
  • Length: 11:04

All games in this series

Show
View Real Time Build Order
Export as new Build Order

ByuN Terran - Winner!

Build Orders: Cyclone Opening 

Get SALT Encoding   

  12  0:00  SCV  
  13  0:12  SCV  
  14  0:16  Supply Depot  
  14  0:24  SCV  
  15  0:38  SCV  
  15  0:39  Barracks  
  15  0:42  Refinery  
  16  0:50  SCV  
  16  0:52  Refinery  
  17  1:02  SCV  
  18  1:14  SCV  
  19  1:26  Reaper  
  19  1:27  Orbital Command  
  19  1:32  Supply Depot  
  20  1:43  Factory  
  20  1:53  SCV  
  21  1:58  Reaper  
  22  2:05  SCV  
  23  2:17  SCV  
  24  2:25  Command Center  
  24  2:27  Factory Tech Lab  
  24  2:30  SCV  
  24  2:31  Barracks Reactor  
  25  2:37  Supply Depot  
  25  2:42  SCV  
  26  2:48  Cyclone  
  29  2:54  SCV  
  30  3:00  Starport  
  30  3:08  Marine x2  
  30  3:11  SCV  
  33  3:23  Siege Tank  
  33  3:25  Refinery  
  33  3:26  SCV  
  37  3:29  Marine  
  37  3:32  Marine  
  39  3:37  Medivac  
  41  3:42  Orbital Command  
  41  3:44  SCV  
  42  3:50  Refinery  
  42  3:52  Marine x2  
  44  3:58  SCV  
  44  4:02  Factory Tech Lab  
  45  4:09  Marine  
  45  4:10  SCV, Marine  
  45  4:12  SCV  
  45  4:16  Supply Depot, Raven  
  51  4:22  SCV  
  52  4:24  SCV  
  52  4:27  Marine  
  52  4:30  Supply Depot  
  54  4:37  SCV x2, Marine  
  57  4:42  Siege Tank  
  60  4:49  SCV x2  
  61  4:59  Raven  
  63  5:01  SCV x2  
  60  5:08  Marine x2  
  60  5:13  SCV x2  
  55  5:23  Siege Tank  
  55  5:26  SCV x2  
  55  5:28  Marine x2  
  61  5:30  Command Center  
  61  5:33  Barracks  
  61  5:34  Barracks  
  61  5:38  SCV x2  
  61  5:41  Refinery  
  61  5:48  Engineering Bay x2  
  61  5:50  SCV x2  
  61  5:54  Viking x2  
  67  5:58  Stimpack  
  67  6:02  Siege Tank  
  70  6:05  Supply Depot  
  70  6:07  Supply Depot  
  70  6:10  SCV x2  
  72  6:13  Marine  
  72  6:16  Terran Infantry Weapons Level 1  
  73  6:22  SCV x2  
  73  6:23  Barracks Reactor x2  
  74  6:29  Viking  
  74  6:31  Marine  
  76  6:34  SCV  
  76  6:35  SCV  
  76  6:42  Command Center  
  76  6:47  Terran Infantry Armor Level 1  
  78  6:49  Marine  
  78  6:50  Barracks  
  78  6:51  Barracks  
  80  6:54  Siege Tank  
  80  6:58  SCV x2  
  82  7:04  Supply Depot  
  82  7:05  Supply Depot  
  82  7:09  Marine x4  
  86  7:16  Marine  
  86  7:22  Medivac x2  
  90  7:25  SCV x2  
  92  7:31  Siege Tank  
  92  7:36  Marine x4  
  99  7:38  Combat Shield  
  99  7:39  Barracks Reactor  
  100  7:48  Barracks Reactor, Armory  
  99  7:51  SCV x2  
  99  7:56  Marine  
  99  7:57  Marine x4  
  106  8:03  SCV x2  
  106  8:05  Missile Turret  
  108  8:12  Medivac x2  
  112  8:14  Marine x2  
  112  8:15  Marine x3  
  112  8:17  SCV x2  
  112  8:19  Orbital Command  
  119  8:29  SCV x2, Marine  
  119  8:30  Marine  
  119  8:31  Marine x2  
  119  8:32  Marine  
  125  8:38  Supply Depot x2  
  125  8:42  Terran Infantry Weapons Level 2, Sensor Tower  
  125  8:45  SCV x2  
  127  8:50  SCV  
  127  8:54  Marine  
  127  8:55  Marine x4  
  133  8:59  SCV x2, Marine x3  
  133  9:02  SCV  
  139  9:08  Barracks Reactor  
  138  9:15  Refinery  
  138  9:17  Refinery  
  138  9:19  Marine x6  
  138  9:20  Marine, Command Center  
  138  9:21  Marine  
  146  9:27  Factory  
  146  9:33  SCV  
  146  9:34  SCV x2  
  149  9:47  Supply Depot x3  
  149  9:53  Supply Depot  
  149  9:54  Supply Depot  
  149  9:56  Marine x5  
  149  9:57  SCV x3  
  157  10:08  Viking  
  157  10:09  Supply Depot, Viking, Siege Tank  
  157  10:12  SCV x2  
  157  10:13  SCV  
  169  10:19  Siege Tank  
  170  10:25  Marine x4  
  170  10:28  Marine x3  
  174  10:30  Marine  
  174  10:31  Marine  
  177  10:41  Marine  
  176  10:43  Marine  
  176  10:45  Marine  
  176  10:46  Marine x2  
Show
View Real Time Build Order
Export as new Build Order

uThermal Terran 

Build Orders: Gas First Reaper Expand 

Get SALT Encoding   

  12  0:00  SCV  
  13  0:12  SCV  
  14  0:17  Supply Depot  
  14  0:24  SCV  
  14  0:27  Refinery  
  15  0:38  SCV  
  16  0:43  Barracks  
  16  0:50  SCV  
  17  1:02  SCV  
  18  1:15  SCV  
  19  1:30  Reaper, Orbital Command  
  20  1:45  Command Center  
  20  1:56  Factory  
  20  1:59  SCV  
  21  2:04  Barracks Reactor  
  21  2:11  SCV  
  21  2:14  Supply Depot  
  22  2:23  SCV  
  22  2:24  Refinery  
  23  2:35  SCV  
  24  2:42  Starport  
  24  2:46  Hellion x2  
  24  2:47  SCV  
  29  2:58  Orbital Command  
  29  3:01  SCV  
  29  3:07  Hellion  
  30  3:13  SCV  
  30  3:15  Hellion  
  33  3:23  Barracks Tech Lab  
  33  3:24  SCV  
  33  3:25  SCV  
  35  3:29  Starport Tech Lab  
  35  3:33  Refinery  
  35  3:36  SCV  
  35  3:40  Supply Depot  
  36  3:44  SCV  
  37  3:48  Raven  
  37  3:49  SCV  
  37  3:52  Cyclone  
  43  3:56  SCV, Marine x2  
  43  4:02  SCV  
  47  4:03  Supply Depot  
  47  4:08  SCV  
  48  4:14  SCV, Marine x2  
  51  4:20  SCV  
  52  4:25  Supply Depot, Siege Tank  
  52  4:26  SCV  
  56  4:31  Marine  
  56  4:32  SCV, Marine  
  57  4:38  SCV, Raven  
  57  4:44  SCV  
  59  4:49  Marine x2  
  59  4:50  SCV  
  57  4:56  SCV  
  57  4:57  Siege Tank  
  58  5:03  SCV  
  56  5:07  Marine x2  
  56  5:08  SCV  
  57  5:15  SCV  
  57  5:21  SCV  
  57  5:27  SCV  
  58  5:30  Siege Tank  
  58  5:33  Supply Depot, SCV  
  62  5:36  Viking  
  62  5:39  SCV, Viking  
  67  5:45  SCV  
  67  5:46  Supply Depot, Marine  
  69  5:51  SCV  
  70  5:57  SCV  
  70  6:03  SCV  
  70  6:07  Command Center  
  70  6:09  Viking  
  70  6:10  Viking  
  70  6:11  SCV  
  75  6:19  SCV  
  75  6:20  Siege Tank  
  75  6:24  SCV  
  75  6:25  Supply Depot  
  80  6:26  Refinery  
  80  6:31  SCV  
  81  6:36  SCV  
  81  6:39  Viking  
  80  6:43  SCV  
  80  6:44  Viking  
  83  6:48  Supply Depot, SCV  
  83  6:50  Marine  
  83  6:53  Siege Tank  
  88  6:55  SCV, Stimpack  
  88  7:00  SCV  
  90  7:04  Barracks  
  90  7:06  Barracks  
  90  7:07  SCV  
  91  7:09  Viking  
  91  7:12  SCV  
  91  7:14  Viking  
  96  7:17  Marine  
  96  7:19  SCV  
  98  7:25  SCV, Siege Tank  
  102  7:32  SCV, Engineering Bay x2  
  103  7:37  Marine  
  103  7:39  SCV  
  105  7:46  Viking x2  
  105  7:48  SCV  
  110  7:51  SCV  
  110  7:54  Orbital Command  
  111  8:00  Barracks Reactor, Terran Infantry Weapons Level 1, SCV  
  111  8:02  Barracks Reactor  
  111  8:04  SCV  
  113  8:11  Terran Infantry Armor Level 1  
  112  8:13  Refinery  
  112  8:15  Siege Tank  
  112  8:16  Supply Depot, Marine  
  112  8:18  SCV  
  117  8:23  Supply Depot  
  117  8:27  Supply Depot  
  117  8:34  Sensor Tower  
  117  8:36  Missile Turret  
  117  8:37  Missile Turret, SCV x2, Marine, Combat Shield  
  117  8:39  SCV  
  121  8:44  Marine x2  
  121  8:45  Refinery, Marine  
  124  8:51  Marine  
  124  8:53  Supply Depot  
  124  8:55  Marine  
  126  9:02  Marine  
  127  9:04  Command Center  
  127  9:08  Marine x2, Siege Tank  
  132  9:13  Armory  
  132  9:17  SCV x3  
  134  9:22  Supply Depot, Marine x3  
  138  9:26  Marine x2  
  138  9:28  Medivac x2  
  144  9:32  Supply Depot  
  144  9:33  SCV  
  145  9:39  Marine  
  145  9:40  Siege Tank  
  145  9:43  Supply Depot, Marine  
  150  9:46  Marine  
  150  9:47  Barracks  
  150  9:49  Barracks  
  151  9:52  Marine  
  151  9:59  Supply Depot, Missile Turret  
  153  10:00  Marine  
  153  10:01  Marine  
  153  10:05  Factory  
  154  10:09  Marine  
  154  10:10  Marine  
  154  10:12  Barracks Reactor  
  154  10:13  Supply Depot  
  156  10:17  Siege Tank  
  156  10:18  SCV x2  
  161  10:24  SCV  
  161  10:26  Marine  
  161  10:27  Marine  
  163  10:30  SCV  
  163  10:32  SCV, Marine  
  164  10:40  Marine x2  
  164  10:41  Marine  
  149  10:46  Marine x2  

Tags
 
Add a new tag
Caveats
  • Supply blocks, unpowered buildings, or Contaminate may cause inaccurate times.
  • Supply counts are checked every 10 seconds.